Map: World of Sleepers LE

Players

Ratl

  • Race: Protoss Protoss
  • League: Silver
  • Spawn Location: 7:00

Ricardo - Winner!

  • Race: Protoss Protoss
  • League: Gold
  • Spawn Location: 1:00

VOD

Have the link to the VOD?

Description

Time

  • Played on: Feb. 13, 2020, 10:44 a.m.
  • Length: 7:46
Show
View Real Time Build Order
Export as new Build Order

Ratl Protoss 

Build Orders:  

Get SALT Encoding   

  12  0:01  Probe  
  13  0:13  Probe  
  14  0:21  Pylon  
  14  0:25  Probe  
  15  0:39  Probe (Chrono Boost)  
  16  0:45  Gateway  
  16  0:51  Probe (Chrono Boost)  
  16  0:53  Assimilator  
  17  1:00  Probe (Chrono Boost)  
  18  1:05  Probe  
  19  1:17  Probe  
  20  1:29  Probe  
  21  1:34  Gateway  
  21  1:36  Cybernetics Core  
  21  1:37  Assimilator  
  21  1:41  Probe  
  22  1:53  Probe  
  23  2:07  Pylon  
  23  2:12  Pylon  
  23  2:25  Probe  
  24  2:32  Warp Gate (Chrono Boost)  
  24  2:33  Probe  
  24  2:34  Stalker  
  26  2:39  Nexus  
  26  2:40  Stalker  
  26  2:41  Probe  
  30  2:51  Probe  
  31  3:03  Probe, Robotics Facility  
  32  3:13  Stalker  
  32  3:15  Probe  
  35  3:27  Probe (Chrono Boost)  
  35  3:29  Stalker  
  38  3:38  Probe (Chrono Boost)  
  39  3:51  Probe  
  39  3:57  Stalker  
  39  3:59  Stalker  
  39  4:01  Observer  
  39  4:02  Probe (Chrono Boost)  
  43  4:09  Probe (Chrono Boost)  
  40  4:12  Probe (Chrono Boost)  
  40  4:19  Probe (Chrono Boost)  
  40  4:20  Probe (Chrono Boost)  
  39  4:28  Probe (Chrono Boost)  
  39  4:30  Probe (Chrono Boost)  
  36  4:34  Probe  
  36  4:39  Probe  
  36  4:45  Stalker x2  
  38  4:46  Probe (Chrono Boost)  
  38  4:52  Immortal  
  40  4:58  Probe (Chrono Boost)  
  40  4:59  Probe (Chrono Boost)  
  40  5:05  Probe (Chrono Boost)  
  42  5:08  Probe (Chrono Boost)  
  42  5:10  Stalker x2  
  42  5:12  Probe  
  41  5:18  Probe (Chrono Boost)  
  30  5:21  Shield Battery x2  
  30  5:22  Shield Battery  
  27  5:30  Probe x2 (Chrono Boost)  
  27  5:37  Probe x2 (Chrono Boost)  
  29  5:47  Probe  
  29  5:48  Probe  
  29  5:59  Probe  
  29  6:00  Probe  
  31  6:11  Probe  
  31  6:12  Probe  
  33  6:22  Stalker  
  33  6:23  Probe  
  37  6:32  Stalker  
  38  6:35  Probe  
  37  6:42  Immortal (Chrono Boost)  
  39  6:50  Pylon  
  36  7:06  Stalker x2  
  36  7:27  Pylon  
  32  7:30  Stalker  
  32  7:31  Stalker  
Show
View Real Time Build Order
Export as new Build Order

Ricardo Protoss - Winner!

Build Orders: Mass Adepts 

Get SALT Encoding   

  12  0:01  Probe (Chrono Boost)  
  13  0:11  Probe (Chrono Boost)  
  14  0:16  Probe (Chrono Boost)  
  15  0:37  Pylon  
  15  0:55  Probe, Pylon  
  16  1:06  Gateway  
  16  1:07  Probe  
  16  1:08  Gateway  
  17  1:15  Gateway  
  17  1:25  Assimilator  
  17  1:29  Gateway  
  17  1:46  Probe (Chrono Boost)  
  18  1:53  Cybernetics Core  
  18  1:56  Probe (Chrono Boost)  
  18  2:01  Probe (Chrono Boost)  
  20  2:17  Gateway  
  20  2:31  Adept x2  
  20  2:32  Adept  
  26  2:47  Assimilator  
  26  2:48  Warp Gate (Chrono Boost)  
  26  3:08  Adept  
  26  3:09  Adept  
  30  3:16  Probe (Chrono Boost)  
  31  3:33  Pylon  
  31  3:35  Pylon  
  31  3:51  Probe  
  32  3:59  Adept x3  
  32  4:51  Adept x3  
  32  4:52  Adept x2  
  36  5:17  Adept x2  
  36  5:18  Adept x3  
  38  5:56  Zealot x3  
  38  5:57  Zealot  
  46  6:04  Pylon  
  46  6:06  Pylon  
  46  6:08  Gateway  
  46  6:10  Gateway  
  46  6:12  Gateway  
  46  6:47  Zealot x2  
  46  6:48  Zealot x3  
  52  7:13  Stalker  
  52  7:14  Stalker x4  
  52  7:15  Stalker  
Tags
 
Composition
Mass Adepts
Matchup
PvP
Spawn Locations
Cross Positions
Add a new tag
Caveats
  • Supply blocks, unpowered buildings, or Contaminate may cause inaccurate times.
  • Supply counts are checked every 10 seconds.